 Dungeon Crawl Stone Soup version 0.18.1-6-gd335043 (webtiles) character file.

265 shmeve the Shield-Bearer (level 6, 0/48 HPs)
             Began as a Formicid Fighter on May 16, 2016.
             Slain by an ogre
             ... wielding a +0 giant club
              (22 damage)
             ... on level 4 of the Dungeon.
             The game lasted 00:05:04 (2434 turns).

shmeve the Shield-Bearer (Formicid Fighter)         Turns: 2434, Time: 00:05:04

Health: 0/48       AC: 11    Str: 22    XL:     6   Next: 44%
Magic:  6/6        EV:  7    Int:  8    God:
Gold:   186        SH: 10    Dex: 10    Spells: 0 memorised, 5 levels left

rFire  . . .     SeeInvis +     a - +0 war axe
rCold  . . .     Gourm    .     u - +0 chain mail
rNeg   . . .     Faith    .     c - +0 shield
rPois  +         Spirit   .     (helmet unavailable)
rElec  .         Dismiss  .     y - +0 cloak
rCorr  .         Reflect  .     i - +0 pair of gloves
SustAt .         Harm     .     (no boots)
MR     .....                    (no amulet)
Stlth  ..........               (no ring)
                                w - ring of poison resistance

@: not resistant to hostile enchantments, extremely unstealthy
A: permanent stasis, dig shafts and tunnels, four strong arms, antennae 3
a: Dig, Shaft Self


You were on level 4 of the Dungeon.
You were not hungry.

You visited 1 branch of the dungeon, and saw 4 of its levels.

You collected 186 gold pieces.

Inventory:

Hand Weapons
 a - a +0 war axe (weapon)
Armour
 c - a +0 shield (worn)
 i - a +0 pair of gloves (worn)
 u - a +0 chain mail (worn)
 y - a +0 cloak (worn)
Jewellery
 w - a ring of poison resistance (left hand)
Wands
 x - a wand of flame (21/48)
Scrolls
 d - a scroll of enchant armour {unknown}
 g - 3 scrolls of amnesia {unknown}
 h - 6 scrolls of identify {unknown}
 j - a scroll of noise {unknown}
 o - 2 scrolls of remove curse {unknown}
 r - 2 scrolls of blinking {unknown}
 t - a scroll of teleportation {unknown}
Potions
 e - 2 potions of haste {unknown}
 k - 3 potions of curing {unknown}
 l - a potion of ambrosia {unknown}
 n - a potion of cancellation {unknown}
 p - 2 potions of cure mutation {unknown}
 q - a potion of agility {unknown}
 s - 2 potions of degeneration {unknown}
Comestibles
 b - a meat ration
 f - 4 bread rations
 m - 3 beef jerkies


   Skills:
 * Level 4.2 Fighting
 * Level 3.4 Axes
 + Level 4.1 Armour
 + Level 1.3 Dodging
 * Level 5.7 Shields


You had 5 spell levels left.
You didn't know any spells.

Dungeon Overview and Level Annotations

Branches:
Dungeon (4/15)
 Temple: D:4-7

Altars:
Kikubaaqudgha
Makhleb
Pakellas
Vehumet
Yredelemnul


Innate Abilities, Weirdness & Mutations

You are under a permanent stasis effect.
You can dig through walls and to a lower floor.
Your four strong arms can wield two-handed weapons with a shield.
You have a pair of large antennae on your head (SInv).


Message History

The ogre hits you with a giant club.
Found a potion of might.
You hit the ogre but do no damage. The ogre hits you with a giant club!
You barely miss the ogre. The ogre barely misses you.
Your shield and chain mail prevent you from hitting the ogre.
The ogre barely misses you.
Your shield and chain mail prevent you from hitting the ogre.
You block the ogre's attack.
Your chain mail prevents you from hitting the ogre.
The ogre barely misses you.
You hit the ogre.
The ogre is lightly wounded.
The ogre hits you with a giant club.
You slash the ogre!
The ogre is moderately wounded.
The ogre hits you with a giant club.
You slash the ogre!
The ogre is heavily wounded.
The ogre hits you with a giant club!!
You die...

#########
........#
........#
.!.!...O#
##.#.@####
#......<.#
#..........#
#...............
#..........###...
#.....)....# ..
#........... .
.?.........).
##........####


You could see an ogre.

Vanquished Creatures
  The ghost of Warped the Chopper, an amateur MiGl of Trog (D:3)
  A howler monkey (D:3)
  An orc wizard (D:3)
  Crazy Yiuf (D:3)
  2 adders
  A worm (D:2)
  2 dart slugs
  A giant gecko (D:3)
  5 orcs (D:3)
  A ball python (D:1)
  2 giant cockroaches
  7 goblins
  9 hobgoblins
  2 jackals (D:2)
  4 kobolds (D:1)
  A quokka (D:3)
  4 bats
  2 giant newts
  8 rats
55 creatures vanquished.

Notes
Turn   | Place    | Note
--------------------------------------------------------------
     0 | D:1      | shmeve the Formicid Fighter began the quest for the Orb.
     0 | D:1      | Reached XP level 1. HP: 18/18 MP: 1/1
   105 | D:1      | Reached XP level 2. HP: 21/24 MP: 2/2
   241 | D:1      | Reached skill level 4 in Shields
   613 | D:1      | Reached XP level 3. HP: 29/29 MP: 3/3
   714 | D:2      | Found a faded altar to an unknown god.
  1211 | D:2      | Reached XP level 4. HP: 35/35 MP: 4/4
  1391 | D:3      | Noticed Warped's ghost (amateur MiGl)
  1403 | D:3      | Killed Warped's ghost
  1403 | D:3      | Reached skill level 1 in Dodging
  1403 | D:3      | Reached skill level 5 in Shields
  1403 | D:3      | Reached XP level 5. HP: 23/42 MP: 5/5
  1878 | D:3      | Reached XP level 6. HP: 45/48 MP: 6/6
  2038 | D:3      | Found an ancient bone altar of Kikubaaqudgha.
  2039 | D:3      | Found a burning altar of Makhleb.
  2040 | D:3      | Found an oddly glowing altar of Pakellas.
  2042 | D:3      | Found a radiant altar of Vehumet.
  2044 | D:3      | Found a basalt altar of Yredelemnul.
  2294 | D:3      | Noticed Crazy Yiuf
  2298 | D:3      | Killed Crazy Yiuf
  2424 | D:4      | Noticed an ogre
  2434 | D:4      | Slain by an ogre

Skill      XL: |  1  2  3  4  5  6 |
---------------+-------------------+-----
Shields        | 4 5 |  5.7
Axes           | 3 |  3.4
Dodging        | 1 |  1.3
Fighting       | 4 |  4.2
Armour         | 4 |  4.1

Action                   |  1- 3 |  4- 6 || total
-------------------------+-------+-------++-------
Melee: War axe           |    97 |    93 ||   190
  Use: Potion            |       |     1 ||     1
  Eat: Chunk             |     1 |     2 ||     3
       Royal jelly       |       |     1 ||     1
Armor: Scale mail        |    55 |    42 ||    97
       Chain mail        |       |     7 ||     7
Dodge: Dodged            |    46 |    39 ||    85
Block: Shield            |    46 |    60 ||   106
